 Dungeon Crawl Stone Soup version 0.18.1-50-g88ac8fd (webtiles) character file.

1371 person74 the Skirmisher (level 8, -3/52 HPs)
             Began as a Kobold Berserker on Dec 25, 2016.
             Was an Elder of Trog.
             Slain by an ogre
             ... wielding a +0 giant spiked club
              (28 damage)
             ... on level 6 of the Dungeon on Dec 28, 2016.
             The game lasted 01:05:37 (5736 turns).

person74 the Skirmisher (Kobold Berserker)          Turns: 5736, Time: 01:05:37

Health: -3/52      AC: 12    Str: 18    XL:     8   Next: 97%
Magic:  8/8        EV:  9    Int:  5    God:    Trog [****..]
Gold:   282        SH:  5    Dex: 15    Spells: 0 memorised, 7 levels left

rFire  + . .     SeeInvis .     v - +4 hand axe
rCold  . . .     Gourm    .     r - +0 plate armour
rNeg   . . .     Faith    .     (shield restricted)
rPois  .         Spirit   .     (no helmet)
rElec  .         Dismiss  .     (no cloak)
rCorr  .         Reflect  +     (no gloves)
SustAt .         Harm     .     (no boots)
MR     .....                    y - +5 amulet of reflection
Stlth  ..........               (no ring)
                                e - ring of protection from fire

@: not resistant to hostile enchantments, extremely unstealthy
A: carnivore 3
a: Berserk, Trog's Hand, Brothers in Arms, Burn Spellbooks, Renounce Religion


You were on level 6 of the Dungeon.
You worshipped Trog.
Trog was greatly pleased with you.
You were completely stuffed.

You visited 2 branches of the dungeon, and saw 7 of its levels.

You collected 282 gold pieces.

Inventory:

Hand Weapons
 a - a +0 short sword
 v - a +4 hand axe (weapon)
 w - a +2 hand axe of draining
 C - a +2 flail of crushing
 E - a +3 quarterstaff
 N - a +1 dagger of flaming
Missiles
 d - 103 stones
 f - 85 sling bullets
 g - 47 poisoned needles
 p - 87 arrows
 s - 62 bolts
 t - 2 javelins (quivered)
Armour
 m - a +0 leather armour
 r - a +0 plate armour (worn)
 x - a +0 scale mail
Jewellery
 e - a ring of protection from fire (left hand)
 y - a +5 amulet of reflection (around neck)
 K - a cursed -4 ring of evasion
Scrolls
 b - a scroll of blinking {unknown}
 j - a scroll of random uselessness {unknown}
 k - 5 scrolls of remove curse {unknown}
 n - a scroll of fear {unknown}
 o - 2 scrolls of identify
 B - a scroll of immolation {unknown}
 I - 3 scrolls of magic mapping {unknown}
 J - a scroll of vulnerability {unknown}
 M - a scroll of noise {unknown}
Potions
 h - 4 potions of berserk rage {Unknown, unknown}
 l - 2 potions of lignification {unknown}
 u - 2 potions of curing {unknown}
 A - a potion of flight {unknown}
 D - 2 potions of heal wounds
 F - a potion of brilliance {unknown}
 H - a potion of degeneration {unknown}
Comestibles
 c - 4 meat rations
 i - a slice of pizza
 q - 3 chunks of flesh
 z - 4 fruits
 G - 2 bread rations


   Skills:
 + Level 6.4 Fighting
 + Level 6.1 Short Blades
 + Level 4.0 Axes
 + Level 5.1 Armour
 + Level 4.6 Dodging
 + Level 1.3 Stealth


You had 7 spell levels left.
You didn't know any spells.

Dungeon Overview and Level Annotations

Branches:
Dungeon (6/15)             Temple (1/1) D:4

Altars:
Ashenzari
Cheibriados
Dithmenos
Elyvilon
Gozag
Kikubaaqudgha
Makhleb
Nemelex Xobeh
Okawaru
Sif Muna
Vehumet
Xom
Yredelemnul
Zin
The Shining One


Innate Abilities, Weirdness & Mutations

You are small and have problems with some larger weapons.
You are carnivorous and can eat meat at any time.


Message History

Here: an ogre, wielding a giant spiked club An uncursed shortbow.
There is something else lying underneath.
The floor, spattered with blood.
You hit the ogre.
The ogre is moderately wounded.
The ogre hits you with a giant spiked club!
Your plate armour prevents you from hitting the ogre.
The ogre is moderately wounded.
The ogre hits you with a giant spiked club.
You hit the ogre.
The ogre is heavily wounded.
You hit the ogre.
The ogre is heavily wounded.
The ogre barely misses you.
You slash the ogre!
The ogre is severely wounded.
The ogre hits you with a giant spiked club!!
Ouch! That really hurt!
You die...

#<........# .
###....####.##.
#.# ..
..........#...
.....
....[.....>.#
..#.
...........#
...# ..
###....##.##
...#...
..........#
.....#
##....###.##
##O....#
##....# ##.##
##@# .....##
##.###(.#
##.###
##..(#.....#
.....#
####..###..#
...#.# ..# #
####.## #..#
......# #...
##.#..# #.###
##.#..#######
.#


You could see an ogre.

Vanquished Creatures
  Eustachio (D:6)
  2 sky beasts
  An ice beast (D:5)
  A centaur (D:6)
  A giant frog (D:6)
  A howler monkey (D:5)
  A jelly (D:5)
  A giant frog skeleton (D:5)
  6 hounds
  2 iguanas (D:5)
  2 centaur skeletons (D:5)
  Ijyb (D:3)
  3 orc wizards
  3 worker ants
  A hound skeleton (D:4)
  A worker ant zombie (D:6)
  8 gnolls
  2 adders
  An adder skeleton (D:3)
  A worm (D:5)
  3 dart slugs
  3 giant geckos
  21 orcs
  2 giant cockroaches (D:1)
  9 goblins
  6 hobgoblins
  4 jackals
  2 quokkas (D:4)
  2 ball pythons
  4 bats
  4 giant newts
  4 kobolds
  29 rats
133 creatures vanquished.

Notes
Turn   | Place    | Note
--------------------------------------------------------------
     0 | D:1      | person74 the Kobold Berserker began the quest for the Orb.
     0 | D:1      | Reached XP level 1. HP: 14/14 MP: 1/1
   122 | D:1      | Reached XP level 2. HP: 19/19 MP: 2/2
   238 | D:1      | Found a snail-covered altar of Cheibriados.
   562 | D:2      | Reached XP level 3. HP: 24/24 MP: 3/3
   632 | D:2      | Reached ** piety under Trog
  1529 | D:3      | Reached XP level 4. HP: 21/29 MP: 4/4
  1538 | D:3      | Reached skill level 5 in Short Blades
  1538 | D:3      | Reached XP level 5. HP: 18/33 MP: 5/5
  2183 | D:3      | Noticed Ijyb
  2195 | D:3      | Killed Ijyb
  2408 | D:4      | Reached XP level 6. HP: 38/38 MP: 6/6
  2576 | D:4      | Reached *** piety under Trog
  2789 | D:4      | Found a staircase to the Ecumenical Temple.
  3312 | Temple   | Entered the Ecumenical Temple
  3439 | D:5      | Entered Level 5 of the Dungeon
  3459 | D:5      | Reached skill level 1 in Axes
  3569 | D:5      | Reached XP level 7. HP: 15/44 MP: 7/7
  3895 | D:5      | Reached **** piety under Trog
  4352 | D:5      | Reached skill level 5 in Fighting
  4352 | D:5      | Reached skill level 1 in Stealth
  4554 | D:5      | Reached XP level 8. HP: 41/49 MP: 8/8
  5116 | D:6      | Found a shattered altar of Ashenzari.
  5167 | D:6      | Noticed Eustachio
  5199 | D:6      | Killed Eustachio
  5463 | D:6      | Found a sparkling altar of Nemelex Xobeh.
  5537 | D:6      | Found an ancient bone altar of Kikubaaqudgha.
  5537 | D:6      | Found a deep blue altar of Sif Muna.
  5614 | D:6      | Reached skill level 5 in Armour
  5736 | D:6      | Slain by an ogre

Skill      XL: |  1  2  3  4  5  6  7  8 |
---------------+-------------------------+-----
Dodging        | 3 4 |  4.6
Fighting       | 4 5 6 |  6.4
Short Blades   | 5 6 |  6.1
Armour         | 2 3 4 5 |  5.1
Axes           | 1 2 4 |  4.0
Stealth        | 1 |  1.3

Action                   |  1- 3 |  4- 6 |  7- 9 || total
-------------------------+-------+-------+-------++-------
Melee: Short sword       |   153 |   114 |       ||   267
       Hand axe          |       |   116 |   189 ||   305
Invok: Berserk           |     2 |     2 |     2 ||     6
  Use: Scroll            |       |       |     6 ||     6
 Stab: Sleeping          |     1 |       |       ||     1
  Eat: Chunk             |    11 |     7 |    13 ||    31
Armor: Animal skin       |     2 |       |       ||     2
       Leather armour    |     6 |       |       ||     6
       Plate armour      |    26 |   135 |   100 ||   261
Dodge: Dodged            |    64 |   125 |    90 ||   279
Block: Other             |       |       |    23 ||    23
